[Event "*** Titled Tuesday Blitz"]
[Site "Chess.com"]
[Date "2020.03.03"]
[Round "4"]
[White "Mbneu"]
[Black "Astaneh"]
[Result "0-1"]
[WhiteElo "2216"]
[BlackElo "2569"]
[TimeControl "180+1"]
[EndTime "13:38:50 PST"]
[Termination "Astaneh won by resignation"]

1. d4 c5 2. d5 e5 3. g3 g6 4.
e4 d6 5. Bg2 Bg7 6. Ne2 a6 7.
a4 Ne7 8. O-O Nd7 9. Nd2 O-O 10.
f4 f5 11. fxe5 Nxe5 12. Nf4 Ng4 13. Nf3 fxe4 14. Ng5 Bd4+ 15. Kh1 Nf2+ 16. Rxf2 Bxf2 17. Nge6 Bxe6 18. Nxe6 Qd7 19. Nxf8 Rxf8 20. Bxe4 Bxg3 21. Bg2 Be5 22. Bh6 Rf7 23. c3 Nf5 24. Bg5 h6 25. Bd2 Qe7 26. Qg4 Qh4 27. Qxh4 Nxh4 28. Rf1 Nxg2 29.
Rxf7 Kxf7 30. Kxg2 g5 31. h3 Kg6 32. Kf3 Kf5 33.
b4 cxb4 34. cxb4 b5 35. axb5 axb5 36. Be1 h5 0-1

[Event "*** Titled Tuesday Blitz"]
[Site "Chess.com"]
[Date "2020.03.03"]
[Round "4"]
[White "Godzillator"]
[Black "FearNoEvil12"]
[Result "1-0"]
[WhiteElo "2400"]
[BlackElo "2001"]
[TimeControl "180+1"]
[EndTime "13:38:51 PST"]
[Termination "Godzillator won by resignation"]

1. d4 b5 2. e4 a6 3. Bd3 Bb7 4. Ne2 e6 5. O-O Nf6 6. f3 c5 7. c3 Qb6 8. Be3 Nc6 9. a4 cxd4 10.
Nxd4 Ne5 11. axb5 axb5 12. Rxa8+ Bxa8 13. Bxb5 Bc5 14. Be2 O-O 15. b4 Bxd4 16. Bxd4 Qc7 17. Nd2 d6 18. Qb3 Nfd7 19. Nc4 d5 20. Nxe5 Nxe5 21.
exd5 exd5 22. Re1 Nc4 23. Qc2 Re8 24. Qc1 Qe7 25. Kf1 Qh4 26. Bxc4 Rxe1+ 27. Qxe1 Qxe1+ 28. Kxe1 dxc4 29. b5 f6 30. b6 Kf7 31. Kf2 Ke6 32. Ke3 Kd5 33. Kf4 Bb7 34. g4 Bc8 35. h4 Bb7 36. g5 Ke6 37. gxf6 gxf6 38. h5 f5 39. Kg5 Bxf3 40. Kh6 Be4 41. Kxh7 f4+ 42.
Kg7 f3 43. h6 Kd7 44. h7 Bxh7 45. Kxh7 Kc6 46. Kg6 1-0

[Event "*** Titled Tuesday Blitz"]
[Site "Chess.com"]
[Date "2020.03.03"]
[Round "4"]
[White "GrandGlacier"]
[Black "Dale"]
[Result "0-1"]
[WhiteElo "2536"]
[BlackElo "1927"]
[TimeControl "180+1"]
[EndTime "13:38:55 PST"]
[Termination "Dale won by resignation"]

1. e4 c6 2. d4 d6 3. Nc3 g6 4. h4 Bg7 5. h5 Qb6 6. Nge2 Nf6 7. h6 Bf8 8. a3 Nbd7 9. f3 e5 10. Be3 Qc7 11. Qd2 Be7 12. O-O-O O-O 13. f4 a5 14. f5 b5 15. fxg6 hxg6 16. h7+ Kh8 17. Ng3 b4 18.
Nb1 bxa3 19. Nxa3 Rb8 20. Nf5 Nxe4 21. Bh6 gxf5 22. Qe1 Qb7 23. Nc4 d5 24. Rd3 dxc4 25. Rdh3 Qxb2+ 26. Kd1 Qb1+ 27. Bc1 Bg5 28. Re3 exd4 29.
Bxc4 Bxe3 0-1

[Event "*** Titled Tuesday Blitz"]
[Site "Chess.com"]
[Date "2020.03.03"]
[Round "4"]
[White "Rhinos1"]
[Black "adricalderon8"]
[Result "0-1"]
[WhiteElo "2171"]
[BlackElo "2429"]
[TimeControl "180+1"]
[EndTime "13:38:56 PST"]
[Termination "adricalderon8 won by resignation"]

1. Nf3 Nf6 2. b3 d6 3. d4 e6 4. Bb2 Be7 5. g3 O-O 6. Bg2 Re8 7. O-O Bf8 8. c4 d5 9. Nc3 c6 10. Rc1 Nbd7 11. Qc2 b6 12. e4 dxe4 13. Nxe4 Bb7 14. Rfd1 Qc7 15. Ne5 Nxe5 16. dxe5 Nxe4 17. Bxe4 g6 18.
h4 Rad8 19. Re1 c5 20. h5 Bxe4 21. Rxe4 Bh6 22. Rd1 Rxd1+ 23. Qxd1 Rd8 24. Qf3 Qd7 25.
Kg2 Qd3 26. Qg4 Qd1 27. hxg6 hxg6 28. Qh4 Kg7 29. Re1 Qd7 30. Qf6+ Kg8 31. Rh1 Bg7 32. Qh4 Qc6+ 33. Kh2 Rd2 34. Bc1 Rxf2+ 35. Kh3 Qxh1+ 36.
Kg4 Qxh4+ 0-1

[Event "*** Titled Tuesday Blitz"]
[Site "Chess.com"]
[Date "2020.03.03"]
[Round "4"]
[White "Alexander_Moskalenko"]
[Black "malandragem"]
[Result "0-1"]
[WhiteElo "2840"]
[BlackElo "2630"]
[TimeControl "180+1"]
[EndTime "13:39:00 PST"]
[Termination "malandragem won by resignation"]

1. d4 Nf6 2. c4 g6 3. Nf3 Bg7 4.
g3 d6 5. Bg2 O-O 6. Nc3 Nc6 7.
O-O e5 8. d5 Nb8 9. e4 a5 10. Ne1 Na6 11. Nd3 Nd7 12. Be3 f5 13. Qd2 Nac5 14. Nxc5 Nxc5 15. exf5 gxf5 16. f4 e4 17. Ne2 Bd7 18. Bd4 Qe7 19. Bxg7 Qxg7 20. Qd4 h5 21. Qxg7+ Kxg7 22. Nd4 h4 23. Bh3 Kf6 24.
a3 a4 25. Rae1 Rh8 26. Bg2 hxg3 27. hxg3 Rag8 28. Re3 Nd3 29. Rb1 Rh7 30. Ne2 Nc5 31. Rd1 Be8 32. Nd4 Bh5 33. Rd2 Rhg7 34. Kf1 Rxg3 35.
Rxg3 Rxg3 36. Kf2 e3+ 37. Kxg3 exd2 38. Bf3 Bxf3 39. Nxf3 d1=Q 0-1

[Event "*** Titled Tuesday Blitz"]
[Site "Chess.com"]
[Date "2020.03.03"]
[Round "4"]
[White "Alopekos"]
[Black "szefru"]
[Result "1-0"]
[WhiteElo "2429"]
[BlackElo "2166"]
[TimeControl "180+1"]
[EndTime "13:39:04 PST"]
[Termination "Alopekos won by checkmate"]

1. e4 e5 2. Nf3 Nc6 3. Bb5 a6 4. Ba4 Nf6 5. O-O b5 6. Bb3 Be7 7. a4 b4 8. c3 a5 9. d4 d6 10. d5 Nb8 11. cxb4 axb4 12. Re1 Bg4 13. h3 Bh5 14.
Nbd2 Nbd7 15. a5 O-O 16. Nf1 Nc5 17. Bc2 Qb8 18. Ng3 Bg6 19. Nh4 Qb5 20. Nhf5 Rfe8 21.
Nxe7+ Rxe7 22. Bg5 Rxa5 23. Qf3 c6 24. Bxf6 gxf6 25. Qxf6 Rea7 26. Rxa5 Rxa5 27. h4 cxd5 28. h5 Bxe4 29. Bxe4 Nxe4 30. Qd8+ Kg7 31. Nf5# 1-0

[Event "*** Titled Tuesday Blitz"]
[Site "Chess.com"]
[Date "2020.03.03"]
[Round "4"]
[White "JustDazzled"]
[Black "aa175"]
[Result "0-1"]
[WhiteElo "1948"]
[BlackElo "2252"]
[TimeControl "180+1"]
[EndTime "13:39:06 PST"]
[Termination "aa175 won by resignation"]

1. c4 Nf6 2. g3 g6 3. Bg2 c6 4. Nf3 d5 5. b3 Bg7 6. Bb2 O-O 7. O-O Re8 8. d3 Nbd7 9. Nbd2 e5 10. Qc2 a5 11. e4 d4 12. a3 c5 13. Ne1 b6 14. h3 Nf8 15. f4 Nh5 16. f5 Nxg3 17.
Rf3 Ne2+ 18. Kf2 Nf4 19. Nf1 gxf5 20. exf5 Bxf5 21. Rxf4 exf4 22. Bxa8 Qxa8 23. Nf3 Re3 24. Nxe3 fxe3+ 25. Ke2 Bxh3 26. Rg1 Ng6 27. Ng5 Nf4+ 28.
Ke1 Bf5 29. Ne4 Nxd3+ 30. Qxd3 Bxe4 31. Qe2 Bf3 32. Qh2 Be4 33. Qg3 Bg6 34. Bc1 Qe4 35. Qb8+ Bf8 0-1

[Event "*** Titled Tuesday Blitz"]
[Site "Chess.com"]
[Date "2020.03.03"]
[Round "4"]
[White "superstructure"]
[Black "mitraasz"]
[Result "1-0"]
[WhiteElo "2428"]
[BlackElo "2159"]
[TimeControl "180+1"]
[EndTime "13:39:07 PST"]
[Termination "superstructure won by resignation"]

1. e4 c5 2. c3 d6 3. d4 Nf6 4. Bd3 Nc6 5. Ne2 g6 6. Nd2 Bg7 7. O-O O-O 8. h3 cxd4 9. cxd4 b6 10. Nf3 Bb7 11. Nc3 Rc8 12. Be3 Nb4 13. Bb1 Ba6 14.
Re1 Nd7 15. a3 Nc6 16. Qd2 Na5 17. Ba2 Nc4 18. Bxc4 Bxc4 19. Bh6 b5 20. Bxg7 Kxg7 21. Rab1 Qc7 22. Rec1 b4 23. Nd5 Qd8 24. Nxb4 Nb6 25. b3 Bb5 26. a4 Bd7 27. d5 Rxc1+ 28. Rxc1 Qb8 29. Nd4 Rc8 30. Nbc6 Bxc6 31. Nxc6 Qc7 32. Qd4+ Kg8 33. a5 1-0

[Event "*** Titled Tuesday Blitz"]
[Site "Chess.com"]
[Date "2020.03.03"]
[Round "4"]
[White "RitvarsReimanis"]
[Black "Indianlad"]
[Result "0-1"]
[WhiteElo "2626"]
[BlackElo "2932"]
[TimeControl "180+1"]
[EndTime "13:39:08 PST"]
[Termination "Indianlad won by resignation"]

1. d4 Nf6 2. c4 g6 3. Nc3 Bg7 4. e4 O-O 5. Nf3 d6 6. Be2 c5 7.
O-O Bg4 8. Be3 Nfd7 9. Ne1 Bxe2 10. Nxe2 Nc6 11. Rb1 a6 12. b4 cxd4 13. Nxd4 Nce5 14. Rc1 Rc8 15. Qe2 Qc7 16. c5 dxc5 17. bxc5 Nf6 18. c6 bxc6 19. Qxa6 Neg4 20. Nef3 Nxe3 21. fxe3 c5 22. e5 Ng4 23. e6 f5 24. Nb3 c4 25.
Rfe1 Bh6 26. Rc3 Bxe3+ 27. Rcxe3 Nxe3 28. Rxe3 cxb3 29. axb3 Qc5 30. Qc4 Qxe3+ 0-1

[Event "*** Titled Tuesday Blitz"]
[Site "Chess.com"]
[Date "2020.03.03"]
[Round "4"]
[White "kleopl"]
[Black "PawnEatingZombie"]
[Result "1-0"]
[WhiteElo "2471"]
[BlackElo "2217"]
[TimeControl "180+1"]
[EndTime "13:39:08 PST"]
[Termination "kleopl won on time"]

1. c4 e6 2. Nc3 d5 3. cxd5 exd5 4. d4 c6 5. Nf3 Bf5 6. Bg5 Be7 7. Bxe7 Qxe7 8. e3 Nf6 9. Bd3 Bxd3 10. Qxd3 O-O 11.
O-O Nbd7 12. Rab1 Nb6 13. Ne5 Rfe8 14. b4 a6 15. a4 Ne4 16. Nxe4 dxe4 17. Qb3 Nd5 18.
b5 axb5 19. axb5 f6 20. bxc6 bxc6 21. Nxc6 Qe6 22. Rfc1 Kh8 23. h3 Rac8 24. Nb4 Nxb4 25.
Qxb4 f5 26. Qb5 f4 27. Rxc8 Rxc8 28. exf4 e3 29. Qe5 exf2+ 30. Kf1 Qa2 31. Rd1 Qc2 32. Qe2 Kg8 33. d5 1-0

[Event "*** Titled Tuesday Blitz"]
[Site "Chess.com"]
[Date "2020.03.03"]
[Round "4"]
[White "albano87"]
[Black "Hadza_3"]
[Result "1-0"]
[WhiteElo "1913"]
[BlackElo "2373"]
[TimeControl "180+1"]
[EndTime "13:39:09 PST"]
[Termination "albano87 won by resignation"]

1. e4 e5 2. d4 exd4 3. Qxd4 Nc6 4. Qe3 Nf6 5. Nc3 Bb4 6. Bd2 O-O 7. O-O-O Re8 8. f3 d5 9. Qf2 d4 10. Nb5 Bxd2+ 11.
Qxd2 Qe7 12. Nxd4 Nd7 13. Nxc6 bxc6 14. Ne2 Nc5 15. Nd4 Bb7 16. Nf5 Qf8 17. Bc4 g6 18.
Nh6+ Kg7 19. Nxf7 Ne6 20. Ne5 Rad8 21. Nd7 Qe7 22. Qc3+ Kh6 23. Nf6 Rxd1+ 24. Rxd1 Rf8 25. Ng4+ Kh5 26. h4 Nf4 27. Qe3 Qxh4 28. Qc5+ g5 29.
Qxf8 1-0

[Event "*** Titled Tuesday Blitz"]
[Site "Chess.com"]
[Date "2020.03.03"]
[Round "4"]
[White "Kislov_Oleg"]
[Black "vlad_Sid"]
[Result "1-0"]
[WhiteElo "2550"]
[BlackElo "2688"]
[TimeControl "180+1"]
[EndTime "13:39:16 PST"]
[Termination "Kislov_Oleg won by resignation"]

1. e4 c6 2. d4 d5 3. Nc3 dxe4 4. Nxe4 Nf6 5. Nxf6+ exf6 6. c3 Bd6 7. Bd3 O-O 8. Qc2 Re8+ 9. Ne2 h5 10. Be3 Nd7 11.
O-O-O Nf8 12. Kb1 Be6 13. Nc1 a5 14. h3 Bd5 15. Rhg1 b5 16. g4 hxg4 17. Rxg4 Bf3 18. Rdg1 Bxg4 19. Rxg4 Ne6 20. Bf5 Qc7 21. Bh6 Bf4 22.
Bxe6 Bxh6 23. Qg6 fxe6 24. Qxh6 Qf7 25. Nd3 e5 26. dxe5 Rad8 27. exf6 Rd7 28. Rxg7+ Qxg7 29. fxg7 Rxg7 30. Qxc6 Rg1+ 31. Kc2 Re2+ 32. Kb3 a4+ 33. Ka3 Re7 34. Qxb5 Reg7 35. Qd5+ Kh7 36. f4 R1g3 37.
f5 Rxh3 38. f6 Rgg3 39. Qf5+ Kg8 40. f7+ Kf8 41. Ne5 Rxc3+ 42. bxc3 Rxc3+ 43. Kxa4 Ra3+ 44. Kxa3 1-0

[Event "*** Titled Tuesday Blitz"]
[Site "Chess.com"]
[Date "2020.03.03"]
[Round "4"]
[White "Fy_Rakotomaharo"]
[Black "FelixJoseYnojosa"]
[Result "1-0"]
[WhiteElo "2549"]
[BlackElo "2682"]
[TimeControl "180+1"]
[EndTime "13:39:16 PST"]
[Termination "Fy_Rakotomaharo won by resignation"]

1. d4 Nf6 2. c4 e6 3. Nc3 d5 4. cxd5 exd5 5. Bg5 c6 6. e3 Bd6 7. Bd3 h6 8. Bh4 O-O 9. Nge2 Re8 10. Qc2 a5 11. Bg3 Bf8 12. O-O b5 13.
Rae1 Na6 14. Bf5 Bb7 15. Be5 g6 16. Bxg6 fxg6 17. Qxg6+ Bg7 18. Ng3 Rxe5 19. dxe5 Nh7 20.
Nf5 Qg5 21. Qe6+ Kh8 22. f4 Nf8 23. Qf7 Qg6 24. Qxb7 Qxf5 25. Qxa8 Nb4 26. e4 dxe4 27. Nxe4 Nd3 28. Nd6 Qd7 29. Re3 Nxb2 30. f5 Nc4 31. Nxc4 bxc4 32. f6 Bxf6 33. Qxf8+ Kh7 1-0

[Event "*** Titled Tuesday Blitz"]
[Site "Chess.com"]
[Date "2020.03.03"]
[Round "4"]
[White "Art_Vandelay1980"]
[Black "vladislavkovalev"]
[Result "0-1"]
[WhiteElo "2767"]
[BlackElo "2920"]
[TimeControl "180+1"]
[EndTime "13:39:18 PST"]
[Termination "vladislavkovalev won by resignation"]

1. e4 e5 2. Nf3 Nc6 3. Nc3 Nf6 4.
d4 exd4 5. Nxd4 Bb4 6. Nxc6 bxc6 7.
Bd3 O-O 8. O-O Re8 9. Bg5 h6 10.
Bh4 Rb8 11. f4 Be7 12. b3 d6 13. Re1 d5 14. e5 Ng4 15. Bg3 Bb4 16. f5 Qg5 17. h4 Qh5 18. Ne2 Bc5+ 19. Kh1 Nf2+ 20. Bxf2 Bxf2 21. g3 Bxe1 22. Qxe1 Bxf5 23. Nf4 Qf3+ 24. Kh2 Bxd3 25. cxd3 g5 26. Ng2 Qxd3 27. Qf2 Rxe5 28. Qf6 Re6 0-1

[Event "*** Titled Tuesday Blitz"]
[Site "Chess.com"]
[Date "2020.03.03"]
[Round "4"]
[White "PowerThinking2650"]
[Black "kinga2008"]
[Result "1-0"]
[WhiteElo "2397"]
[BlackElo "1950"]
[TimeControl "180+1"]
[EndTime "13:39:22 PST"]
[Termination "PowerThinking2650 won by resignation"]

1. e4 c5 2. Nf3 d6 3. d4 cxd4 4. Nxd4 g6 5. Nc3 Bg7 6. f3 Nf6 7.
Be3 O-O 8. Qd2 Nc6 9. O-O-O d5 10. Kb1 e5 11. Nxc6 bxc6 12. exd5 cxd5 13. Nxd5 Nxd5 14. Qxd5 Qc7 15. Qc5 Qb7 16. Bc4 Bf5 17. Bd5 Qa6 18. Bxa8 Rc8 19. Be4 Be6 20. Qxa7 Qc4 21. b3 Qc3 22.
Bd2 Qd4 23. Qxd4 exd4 24. Bc1 1-0

[Event "*** Titled Tuesday Blitz"]
[Site "Chess.com"]
[Date "2020.03.03"]
[Round "4"]
[White "VladimirBelous"]
[Black "Atanejhad"]
[Result "1-0"]
[WhiteElo "2783"]
[BlackElo "2585"]
[TimeControl "180+1"]
[EndTime "13:39:26 PST"]
[Termination "VladimirBelous won on time"]

1. c4 Nf6 2. Nf3 e6 3. Nc3 Bb4 4. Qc2 O-O 5. g3 b6 6. Bg2 Bb7 7. b3 a5 8. Bb2 Re8 9. O-O Na6 10. a3 Bxc3 11. Bxc3 Nc5 12. d3 d5 13. b4 axb4 14.
axb4 Ncd7 15. Nd4 c6 16. Rxa8 Qxa8 17. Ra1 Qb8 18. Nb3 dxc4 19. dxc4 c5 20. e4 cxb4 21.
Bxb4 Rc8 22. Rd1 Qa8 23. f3 Ne5 24. Nd2 Nxc4 25. Nxc4 b5 26. Nb6 Qa7 27. Qxc8+ Bxc8 28. Rd8+ 1-0

[Event "*** Titled Tuesday Blitz"]
[Site "Chess.com"]
[Date "2020.03.03"]
[Round "4"]
[White "JulianProleiko"]
[Black "Eloist"]
[Result "1-0"]
[WhiteElo "2486"]
[BlackElo "2286"]
[TimeControl "180+1"]
[EndTime "13:39:26 PST"]
[Termination "JulianProleiko won by checkmate"]

1. d4 e6 2. e4 d5 3. Nc3 Nf6 4. e5 Nfd7 5. f4 c5 6. Nf3 Nc6 7. Be3 a6 8. Qd2 b5 9. Bd3 b4 10. Nd1 a5 11. O-O Qb6 12. c3 Ba6 13. Nf2 Bxd3 14.
Nxd3 c4 15. Nf2 g6 16. h3 h5 17. g4 hxg4 18. hxg4 Be7 19. Kg2 O-O-O 20. Rh1 Kc7 21. Nh3 a4 22. Nhg5 a3 23. Nxf7 axb2 24. Qxb2 Rxh1 25. Rxh1 Ra8 26. f5 gxf5 27. gxf5 bxc3 28.
Qxb6+ Nxb6 29. fxe6 Rxa2+ 30. Kg3 c2 31. Rc1 Nb4 32. Ne1 c3 33. Kg4 Nc4 34. Bg5 Bxg5 35.
Kxg5 Na5 36. e7 Kd7 37. Kf6 Nac6 38. e6+ Ke8 39. Nd6# 1-0

[Event "*** Titled Tuesday Blitz"]
[Site "Chess.com"]
[Date "2020.03.03"]
[Round "4"]
[White "ronaldbrizuela"]
[Black "dopolian"]
[Result "1-0"]
[WhiteElo "2627"]
[BlackElo "2371"]
[TimeControl "180+1"]
[EndTime "13:39:27 PST"]
[Termination "ronaldbrizuela won by resignation"]

1. d4 Nf6 2. c4 c5 3. d5 e6 4. Nc3 exd5 5. cxd5 d6 6. Nf3 g6 7. Bf4 Bg7 8. Qa4+ Bd7 9. Qb3 b5 10. Bxd6 Qb6 11. Be5 O-O 12. e3 c4 13. Qd1 b4 14.
Ne2 Rc8 15. Rc1 Qa5 16. Qd4 b3+ 17. Nc3 bxa2 18. Ra1 Qb6 19. Be2 Bf5 20. O-O Nbd7 21. Rxa2 Nxe5 22. Nxe5 Ne4 23. Rd1 Qxd4 24. exd4 Re8 25.
Bxc4 Nd6 26. Bb5 Reb8 27. Bc6 1-0

[Event "*** Titled Tuesday Blitz"]
[Site "Chess.com"]
[Date "2020.03.03"]
[Round "4"]
[White "Everyfishknows"]
[Black "amiralfio"]
[Result "0-1"]
[WhiteElo "2411"]
[BlackElo "2606"]
[TimeControl "180+1"]
[EndTime "13:39:28 PST"]
[Termination "amiralfio won on time"]

1. d4 f5 2. c4 Nf6 3. Nc3 e6 4. Nf3 Bb4 5. g3 b6 6. Bg2 Bb7 7. O-O Bxc3 8. bxc3 O-O 9. a4 Nc6 10. Ne5 Nxe5 11. Bxb7 Nxc4 12. Bxa8 Qxa8 13. Qd3 d5 14. Bf4 Qc6 15. f3 a5 16. Rfe1 h6 17. Be5 Nd7 18. Bf4 g5 19. Bc1 Nf6 20. h4 Qd6 21. Kf2 Ne4+ 22.
Kf1 Qxg3 23. Be3 f4 0-1

[Event "*** Titled Tuesday Blitz"]
[Site "Chess.com"]
[Date "2020.03.03"]
[Round "4"]
[White "RoelandPruijssers"]
[Black "Sunnika"]
[Result "1-0"]
[WhiteElo "2681"]
[BlackElo "2394"]
[TimeControl "180+1"]
[EndTime "13:39:34 PST"]
[Termination "RoelandPruijssers won by checkmate"]

1. e4 Nf6 2. e5 Nd5 3. d4 d6 4. c4 Nb6 5. exd6 exd6 6. Nc3 Be7 7. Be3 Nc6 8. Bd3 Bf6 9. Nge2 Bg4 10. f3 Bh5 11. O-O Bg6 12. b3 d5 13. c5 Nc8 14.
Nf4 Bxd3 15. Qxd3 N8e7 16. Nh5 O-O 17. Nxf6+ gxf6 18. Bh6 Re8 19. f4 f5 20. Bg5 Qd7 21. Rae1 Ng6 22. h4 h5 23. Qd1 Rxe1 24. Rxe1 Re8 25.
Rxe8+ Qxe8 26. Nxd5 Qe6 27. Nf6+ Kf8 28. Kf2 Nce7 29.
Bh6# 1-0

[Event "*** Titled Tuesday Blitz"]
[Site "Chess.com"]
[Date "2020.03.03"]
[Round "4"]
[White "matiss90"]
[Black "Nathan_Filgueiras"]
[Result "0-1"]
[WhiteElo "2453"]
[BlackElo "2264"]
[TimeControl "180+1"]
[EndTime "13:39:36 PST"]
[Termination "Nathan_Filgueiras won by resignation"]

1. e4 c5 2. Nf3 Nc6 3. Bc4 e5 4. O-O Be7 5. c3 Nf6 6. d4 cxd4 7. cxd4 Nxe4 8. dxe5 O-O 9. Re1 d5 10. Qxd5 Qxd5 11.
Bxd5 Nc5 12. Bg5 Bxg5 13. Nxg5 Nb4 14. Nc3 Nc2 15. Nce4 Nxe4 16. Bxe4 Nxa1 17. Bxh7+ Kh8 18. Be4 f6 19. exf6 gxf6 20. Nf3 Re8 21. Rxa1 Rxe4 22. Rd1 Bg4 23. Rd6 Bxf3 24. gxf3 Re2 25. Rxf6 Rxb2 26. h4 Rxa2 27. h5 a5 28. h6 a4 0-1

[Event "*** Titled Tuesday Blitz"]
[Site "Chess.com"]
[Date "2020.03.03"]
[Round "4"]
[White "MikeSailer"]
[Black "VeraNebolsina"]
[Result "1-0"]
[WhiteElo "2121"]
[BlackElo "2326"]
[TimeControl "180+1"]
[EndTime "13:39:36 PST"]
[Termination "MikeSailer won by resignation"]

1. Nf3 Nf6 2. b4 g6 3. Bb2 Bg7 4. e3 d6 5. c4 e5 6. Be2 O-O 7. O-O e4 8. Nd4 c5 9. Nc2 Nc6 10. b5 Ne7 11. d3 Be6 12. Nd2 exd3 13. Bxd3 d5 14. cxd5 Nfxd5 15. Bxg7 Kxg7 16. Nc4 Qc7 17. Qb1 Rad8 18. Qb2+ f6 19. Rad1 Nb6 20. Nxb6 axb6 21. Na3 Ra8 22. Nc4 Ra4 23. Qc2 Rfa8 24. a3 Bxc4 25.
Bxc4 Rxa3 26. Qe4 Nf5 27. Qe6 Qe5 28. Rd7+ Kh6 29. Qf7 Ra1 30. Qxh7+ 1-0

[Event "*** Titled Tuesday Blitz"]
[Site "Chess.com"]
[Date "2020.03.03"]
[Round "4"]
[White "NMZanette"]
[Black "SARGISMV"]
[Result "0-1"]
[WhiteElo "2257"]
[BlackElo "2453"]
[TimeControl "180+1"]
[EndTime "13:39:37 PST"]
[Termination "SARGISMV won by resignation"]

1. e4 e6 2. d4 d5 3. exd5 exd5 4. Nf3 Bd6 5. c4 Nf6 6. c5 Be7 7. Bd3 O-O 8. O-O b6 9. cxb6 axb6 10. Nc3 c5 11. dxc5 bxc5 12. Bg5 Bb7 13. Re1 Nbd7 14.
Bb1 Re8 15. Qc2 Nf8 16. a4 d4 17. Nb5 Bxf3 18. gxf3 Nd5 19. Bd2 Ng6 20. Qf5 Ra6 21.
Ba2 Nf6 22. Bc4 Bf8 23. Rxe8 Qxe8 24. Re1 Qc6 25. b3 Nh4 26. Qe5 Nxf3+ 0-1

[Event "*** Titled Tuesday Blitz"]
[Site "Chess.com"]
[Date "2020.03.03"]
[Round "4"]
[White "Entilza"]
[Black "HanSchut"]
[Result "1-0"]
[WhiteElo "2494"]
[BlackElo "2300"]
[TimeControl "180+1"]
[EndTime "13:39:41 PST"]
[Termination "Entilza won by resignation"]

1. d4 Nf6 2. c4 g6 3. Nc3 d5 4. cxd5 Nxd5 5. e4 Nxc3 6. bxc3 Bg7 7. Be3 c5 8. Nf3 Qa5 9. Qd2 Nc6 10. Rc1 cxd4 11.
cxd4 Qxd2+ 12. Kxd2 O-O 13. d5 Rd8 14. Ke1 Ne5 15.
Nd4 Bd7 16. Be2 Rac8 17. Kd2 a6 18. Nb3 Rxc1 19. Rxc1 h5 20. h3 f5 21. f3 fxe4 22.
fxe4 e6 23. Bg5 Rc8 24. Nc5 exd5 25. exd5 Bb5 26. Bxb5 axb5 27. Nxb7 Nc4+ 28. Ke2 Rc7 29.
Na5 Rd7 30. Nxc4 Rxd5 31. Bd2 bxc4 32. Rxc4 Re5+ 33. Kd3 Rd5+ 34. Kc2 Rf5 35. a4 Rf2 36. a5 Bh6 37. Rd4 Rxg2 38. a6 Be3 39. a7 Bxd4 40.
a8=Q+ 1-0

[Event "*** Titled Tuesday Blitz"]
[Site "Chess.com"]
[Date "2020.03.03"]
[Round "4"]
[White "francyIM"]
[Black "rasmussvane"]
[Result "0-1"]
[WhiteElo "2705"]
[BlackElo "2898"]
[TimeControl "180+1"]
[EndTime "13:39:47 PST"]
[Termination "rasmussvane won by resignation"]

1. d4 d5 2. c4 e6 3. Nc3 a6 4. cxd5 exd5 5. Nf3 Nf6 6. Bf4 Bd6 7. Bg3 O-O 8. e3 Bf5 9. Qb3 Ra7 10. Be2 c6 11. O-O Bxg3 12. hxg3 Nbd7 13. a4 Re8 14. a5 Qe7 15. Rfe1 h6 16. Qa3 Qd8 17. Nd2 Re6 18. Bf1 Ra8 19. f3 Qc7 20. Kf2 Rae8 21. Nd1 Nh5 22. f4 Ndf6 23. Be2 Ng4+ 24. Bxg4 Bxg4 25. Nf1 Bxd1 26. Raxd1 Nf6 27. Kg1 Ne4 28. b4 Rg6 29. Qd3 Qd7 30. Qe2 Nxg3 31. Nxg3 Rxg3 32. Kf2 Rg6 33. Qh5 Qe7 34. Rb1 Qe4 35. Qf3 Qc2+ 36. Qe2 Qf5 37. Rh1 Rg4 38. g3 h5 39. Rbg1 g6 40.
Rh4 Kg7 41. Rxg4 hxg4 42. Rh1 Rh8 43. Rh4 Rxh4 44. gxh4 Qe6 45. Kg3 f5 46. Qd3 Qe4 47.
Qxe4 dxe4 0-1

[Event "*** Titled Tuesday Blitz"]
[Site "Chess.com"]
[Date "2020.03.03"]
[Round "4"]
[White "Incognito_Knight"]
[Black "Perecke"]
[Result "1-0"]
[WhiteElo "2662"]
[BlackElo "2302"]
[TimeControl "180+1"]
[EndTime "13:39:48 PST"]
[Termination "Incognito_Knight won by resignation"]

1. e4 e5 2. Nf3 Nc6 3. Bb5 a6 4. Ba4 Nf6 5. d4 Nxe4 6. O-O b5 7.
Bb3 d5 8. dxe5 Be6 9. Nbd2 Nc5 10. c3 Nxb3 11. Nxb3 Be7 12. Be3 O-O 13. Nbd4 Nxd4 14. Nxd4 c5 15. Nc6 Qc7 16. Nxe7+ Qxe7 17. f4 f5 18. Qd2 Rfd8 19. Qf2 Rac8 20. Rfd1 Bf7 21. a3 a5 22. Rac1 b4 23. axb4 axb4 24. cxb4 d4 25.
Bd2 c4 26. Be1 Qa7 27. Bc3 dxc3 28. Qxa7 cxb2 29. Rxd8+ Rxd8 30. Rb1 c3 31. Qc7 Rd1+ 1-0

[Event "*** Titled Tuesday Blitz"]
[Site "Chess.com"]
[Date "2020.03.03"]
[Round "4"]
[White "VerdeNotte"]
[Black "MusicCityMaster"]
[Result "1-0"]
[WhiteElo "2754"]
[BlackElo "2379"]
[TimeControl "180+1"]
[EndTime "13:39:48 PST"]
[Termination "VerdeNotte won by checkmate"]

1. e4 e6 2. d4 d5 3. Nd2 Nf6 4. e5 Nfd7 5. Bd3 c5 6. c3 Nc6 7. Ngf3 cxd4 8. cxd4 g6 9. h4 h6 10. Kf1 Bg7 11. Nb3 f5 12. Bf4 b6 13. Rc1 Bb7 14. Qd2 Rc8 15. g3 Kf7 16. Kg2 Qe7 17. a3 a5 18. Rc3 a4 19. Na1 Na5 20. Rxc8 Bxc8 21. Qc2 Nc4 22. Qxa4 Nxb2 23. Qb3 Nxd3 24. Qxd3 Nb8 25.
Rc1 Ba6 26. Qb1 Qb7 27. Nb3 Nc6 28. Qc2 Rc8 29. Qd2 Bc4 30. Bxh6 Bxb3 31. Ng5+ Kg8 32. Nxe6 Bxh6 33. Qxh6 Qh7 34. Rxc6 Qxh6 35. Rxc8+ Kf7 36.
Ng5+ Ke7 37. Rc7+ Ke8 38. e6 f4 39. Nf7 Qh5 40. Nd6+ Kd8 41. Rd7# 1-0

[Event "*** Titled Tuesday Blitz"]
[Site "Chess.com"]
[Date "2020.03.03"]
[Round "4"]
[White "kleinebeer98"]
[Black "MITerryble"]
[Result "0-1"]
[WhiteElo "2702"]
[BlackElo "2920"]
[TimeControl "180+1"]
[EndTime "13:39:49 PST"]
[Termination "MITerryble won by resignation"]

1. e4 e6 2. d4 d5 3. Nc3 Nf6 4. Bg5 Bb4 5. e5 h6 6. Bd2 Bxc3 7. bxc3 Ne4 8. Bc1 c5 9. Ne2 cxd4 10. cxd4 Qa5+ 11.
c3 Nc6 12. f3 Nxc3 13. Qd2 Nxe2 14. Qxa5 Nxa5 15. Bxe2 Nc4 16. Rb1 b6 17. Rb4 Ba6 18.
Ra4 Bb5 19. Rb4 Bc6 20. Bxc4 dxc4 21. Rxc4 Kd7 22. Ba3 Bd5 23. Rc2 Rhc8 24. Rxc8 Rxc8 25. Kd2 Bxa2 26. Bb4 a5 27. Bc3 a4 28. Rc1 Bd5 29.
Bb4 Rxc1 30. Kxc1 h5 31. h4 Bc4 32. Kd2 Kc6 33. g4 g6 34. gxh5 gxh5 35. Ba3 Kd5 36. Kc3 Be2 37. f4 Ke4 38. Bc1 Kf5 39. Kb4 Kg4 40. Kxa4 Bf3 41. Kb5 Kxh4 42. f5 Kg4 43.
fxe6 fxe6 0-1

[Event "*** Titled Tuesday Blitz"]
[Site "Chess.com"]
[Date "2020.03.03"]
[Round "4"]
[White "semchik73"]
[Black "Enriquack"]
[Result "0-1"]
[WhiteElo "2287"]
[BlackElo "2222"]
[TimeControl "180+1"]
[EndTime "13:39:50 PST"]
[Termination "Enriquack won by resignation"]

1. Nf3 Nf6 2. c4 g6 3. Nc3 d5 4. d4 Bg7 5. Qb3 dxc4 6. Qxc4 a6 7. e4 b5 8. Qb3 O-O 9. Be2 c5 10. Be3 b4 11. Na4 cxd4 12. Bxd4 Nc6 13. Bxf6 Bxf6 14. O-O Be6 15. Qc2 b3 16. axb3 Nb4 17. Qd2 Qxd2 18. Nxd2 Rfd8 19. Nc4 Nc2 20. Rad1 Nd4 21. Bd3 Nxb3 22. e5 Rxd3 23. Rxd3 Bxc4 24. exf6 Bxd3 25. Rd1 Bb5 26. Nc3 exf6 27. Rd6 Kg7 28. Ne4 Re8 29. f3 f5 30. Nc3 Re1+ 31. Kf2 Rb1 32. Nd5 Rxb2+ 33.
Kg3 Rd2 34. Nc7 Rxd6 35. Nxb5 axb5 0-1